Map: Void Training Stage 3

Players

Michael - Winner!

  • Race: Protoss Protoss
  • League: Gold
  • Spawn Location: 6:00

Player 2

  • Race: Terran Terran
  • Spawn Location: 12:00

VOD

Have the link to the VOD?

Description

Time

  • Played on: Sept. 29, 2018, 12:29 a.m.
  • Length: 12:07
Show
View Real Time Build Order
Export as new Build Order

Michael Protoss - Winner!

Build Orders:  

Get SALT Encoding   

  1  0:00  Probe  
  12  0:05  Probe  
  14  0:18  Pylon  
  14  0:25  Probe  
  15  0:37  Gateway  
  15  0:41  Probe  
  16  0:53  Probe  
  17  1:01  Probe  
  17  1:07  Pylon  
  17  1:09  Probe  
  18  1:15  Gateway  
  18  1:18  Assimilator  
  19  1:19  Probe  
  20  1:28  Zealot  
  20  1:31  Probe  
  23  1:43  Probe  
  24  1:50  Assimilator  
  24  1:55  Probe  
  25  2:03  Probe, Nexus  
  26  2:12  Probe  
  26  2:22  Probe  
  27  2:25  Cybernetics Core  
  27  2:41  Warp Gate  
  27  2:45  Pylon  
  27  2:50  Probe  
  28  3:02  Probe  
  29  3:06  Zealot  
  29  3:07  Zealot  
  33  3:13  Probe  
  33  3:15  Probe  
  35  3:21  Probe  
  35  3:27  Probe  
  37  3:30  Gateway  
  37  3:31  Probe  
  37  3:34  Stargate  
  38  3:38  Pylon  
  38  3:39  Probe  
  39  3:53  Probe  
  40  4:02  Probe  
  41  4:05  Probe  
  41  4:06  Assimilator  
  42  4:10  Assimilator  
  42  4:13  Pylon  
  42  4:14  Probe  
  43  4:20  Void Ray  
  46  4:32  Probe  
  46  4:35  Probe  
  48  4:40  Probe  
  48  4:43  Forge  
  49  4:47  Probe  
  49  4:49  Probe  
  51  4:59  Probe  
  46  5:14  Zealot x2  
  46  5:15  Zealot  
  46  5:18  Void Ray  
  56  5:30  Pylon  
  56  5:33  Gateway  
  56  5:37  Photon Cannon  
  56  5:48  Pylon  
  56  5:52  Nexus  
  56  5:57  Zealot  
  56  5:58  Stalker  
  56  6:00  Zealot  
  56  6:01  Nexus  
  62  6:08  Pylon  
  62  6:14  Twilight Council  
  62  6:16  Protoss Air Armor Level 1  
  62  6:37  Shield Battery  
  62  6:38  Photon Cannon  
  62  6:39  Gateway  
  62  6:40  Gateway  
  62  6:41  Zealot x3  
  68  6:55  Probe x2  
  68  7:01  Probe  
  70  7:07  Probe x2  
  73  7:09  Probe  
  73  7:10  Probe  
  75  7:18  Probe  
  75  7:19  Probe x3  
  79  7:26  Probe  
  79  7:27  Probe  
  79  7:31  Probe x2  
  79  7:32  Zealot  
  79  7:33  Zealot x2  
  79  7:34  Zealot, Probe  
  79  7:35  Probe  
  91  7:43  Probe x2  
  95  7:44  Probe  
  95  7:49  Gateway  
  96  7:51  Pylon  
  96  7:55  Probe x2, Stargate  
  96  7:56  Gateway  
  98  7:59  Pylon  
  98  8:03  Pylon  
  98  8:11  Charge  
  98  8:24  Zealot x3  
  98  8:25  Zealot x2  
  98  8:26  Zealot  
  110  8:34  Gateway  
  110  8:35  Gateway  
  110  8:40  Gateway  
  110  8:41  Assimilator  
  110  8:45  Assimilator  
  110  8:55  Assimilator  
  108  8:59  Assimilator  
  108  9:02  Pylon  
  104  9:04  Zealot  
  104  9:05  Zealot x3  
  104  9:06  Zealot x2  
  104  9:07  Zealot x2  
  104  9:09  Void Ray  
  120  9:12  Pylon  
  120  9:14  Void Ray  
  120  9:16  Pylon  
  128  9:51  Void Ray, Pylon  
  128  9:52  Protoss Shields Level 1  
  132  9:57  Void Ray, Forge  
  132  9:58  Probe  
  137  10:01  Probe  
  137  10:05  Probe  
  138  10:10  Probe  
  138  10:13  Probe  
  138  10:14  Probe  
  141  10:20  Zealot  
  144  10:22  Zealot x5, Probe  
  144  10:23  Zealot x3, Probe  
  144  10:24  Zealot x2  
  144  10:26  Probe  
  167  10:31  Pylon  
  167  10:33  Pylon  
  167  10:35  Probe, Shield Battery  
  168  10:37  Photon Cannon  
  168  10:39  Photon Cannon, Void Ray  
  168  10:40  Void Ray  
  168  10:42  Zealot  
  178  10:43  Zealot  
  178  10:49  Probe  
  181  10:54  Pylon  
  181  10:56  Photon Cannon  
  181  10:57  Photon Cannon  
  181  10:59  Photon Cannon  
  181  11:00  Photon Cannon, Zealot x3  
  181  11:01  Zealot x2  
  181  11:03  Zealot  
  193  11:06  Photon Cannon  
  193  11:10  Photon Cannon  
  189  11:15  Zealot  
  189  11:16  Zealot x3  
  189  11:19  Zealot  
  189  11:22  Void Ray  
  195  11:28  Zealot x4  
  197  12:04  Nexus  
Show
View Real Time Build Order
Export as new Build Order

Player 2 Terran 

Build Orders:  

Get SALT Encoding   

  12  0:00  SCV  
  13  0:13  SCV  
  14  0:20  Supply Depot  
  14  0:25  SCV  
  15  0:42  SCV  
  16  0:43  Barracks  
  16  0:50  Refinery  
  16  0:54  SCV  
  17  1:06  SCV  
  18  1:15  Supply Depot  
  18  1:30  Marine, Orbital Command  
  19  1:45  Barracks  
  19  1:49  Barracks Tech Lab  
  19  2:07  Supply Depot, Marine  
  21  2:08  SCV  
  21  2:17  Refinery  
  21  2:20  SCV  
  22  2:26  Marauder  
  22  2:29  Engineering Bay  
  24  2:32  SCV, Marine  
  26  2:44  SCV  
  26  2:47  Marine  
  28  2:57  SCV  
  29  3:05  Marauder  
  31  3:09  SCV  
  32  4:23  SCV, Barracks Tech Lab, Marine  
  34  4:24  Missile Turret  
  34  4:26  Missile Turret  
  34  4:27  Supply Depot  
  34  4:30  Barracks  
  34  4:35  Factory, SCV  
  35  4:41  Marine  
  36  4:47  Bunker  
  36  4:50  Supply Depot  
  36  5:05  Marine  
  34  5:17  Marine  
  32  5:22  Sensor Tower, Factory Tech Lab  
  32  5:26  Starport  
  30  5:29  Marine  
  31  5:41  Marine  
  32  5:46  Command Center  
  32  5:49  Armory  
  32  5:54  Marauder  
  32  5:56  Barracks Reactor  
  34  6:03  Starport Tech Lab  
  34  6:06  Marauder  
  36  6:18  Siege Tank  
  39  6:22  Raven  
  41  6:50  Cyclone  
  44  6:58  SCV  
  44  7:01  SCV  
  46  7:05  Raven  
  46  7:06  Refinery  
  48  7:09  Missile Turret  
  48  7:10  SCV  
  48  7:11  Missile Turret  
  48  7:13  SCV  
  48  7:14  Refinery  
  50  7:22  SCV  
  51  7:25  SCV  
  52  7:30  Bunker  
  52  7:34  SCV  
  53  7:37  SCV  
  54  7:46  SCV  
  54  7:49  SCV  
  56  7:58  SCV  
  56  8:01  SCV  
  58  8:10  SCV  
  59  8:13  SCV  
  60  8:22  SCV  
  60  8:25  SCV  
  62  8:30  Supply Depot  
  62  8:31  Medivac, Combat Shields, Reaper  
  62  8:32  Stimpack  
  65  8:35  Factory, SCV  
  65  8:36  Marine  
  65  8:37  Terran Infantry Weapons Level 1  
  65  8:41  Starport  
  67  8:43  Engineering Bay  
  66  8:51  Marine  
  66  8:53  Supply Depot  
  66  8:54  Ghost Academy  
  66  8:56  SCV, Marine  
  66  8:59  SCV  
  66  9:01  Medivac, Marine  
  70  9:07  Marauder  
  70  9:08  Fusion Core  
  70  9:09  Terran Infantry Armor Level 1  
  62  9:12  Reaper  
  62  9:16  Marine  
  61  9:17  Starport Tech Lab  
  61  9:19  Factory Tech Lab  
  61  9:21  Armory, Marine  
  62  9:28  Marine  
  63  9:31  Raven  
  63  9:34  Marine  
  66  9:39  Marine  
  67  9:45  Marine  
  70  9:52  Marauder  
  69  10:04  Marauder, Concussive Shells  
  71  10:13  Ghost  
  73  10:41  Command Center  
  72  11:10  Marine  
  71  11:15  Supply Depot, Marine  
  63  11:20  Marine  
  63  11:23  SCV  
  63  11:25  Bunker, Medivac  
  48  11:26  Marine  
  48  11:31  Marine  
  39  11:35  SCV  
  39  11:36  Marine  
  31  11:41  Marine  
  30  11:47  SCV  
  30  11:48  Armory  
  30  11:53  SCV  
Tags
 
Add a new tag
Caveats
  • Supply blocks, unpowered buildings, or Contaminate may cause inaccurate times.
  • Supply counts are checked every 10 seconds.